 Dungeon Crawl Stone Soup version 0.20.1-1-g8b1a95d (webtiles) character file.

93 pstr the Conjurer (level 4, 0/24 HPs)
             Began as a Kobold Conjurer on Nov 15, 2017.
             Succumbed to an adder's poison
             ... on level 4 of the Dungeon.
             The game lasted 00:07:54 (3517 turns).

pstr the Conjurer (Kobold Conjurer)                 Turns: 3517, Time: 00:07:55

Health: 0/24       AC:  3    Str:  5    XL:     4   Next: 92%
Magic:  0/8        EV: 15    Int: 17    God:
Gold:   87         SH:  0    Dex: 15    Spells: 6/9 levels left

rFire    . . .     SeeInvis .   (weapon restricted)
rCold    . . .     Gourm    .   (shield restricted)
rNeg     . . .     Faith    .   a - +0 robe
rPois    .         Spirit   .   (no helmet)
rElec    .         Reflect  .   (no cloak)
rCorr    .         Harm     .   o - +0 pair of gloves
MR       .....                  (no boots)
Stlth    ++........             (no amulet)
Regen    0.1/turn               (no ring)
MPRegen  0.2/turn               (no ring)

@: lethally poisoned (0 -> -9)
A: carnivore 3
a: no special abilities


You were on level 4 of the Dungeon.
You were very full.

You visited 1 branch of the dungeon, and saw 4 of its levels.

You collected 87 gold pieces.

Inventory:

Missiles
 f - 36 stones (quivered)
Armour
 a - a +0 robe (worn)
 o - a +0 pair of gloves (worn)
Scrolls
 e - 3 scrolls of remove curse {unknown}
 g - 2 scrolls of amnesia {unknown}
 h - a scroll of enchant armour {unknown}
 i - a scroll of teleportation {unknown}
 j - a scroll of magic mapping {unknown}
 m - a scroll of blinking {unknown}
 n - 4 scrolls of immolation {unknown}
 q - a scroll of identify {unknown}
Potions
 d - 2 potions of agility {unknown}
 l - 2 potions of curing {unknown}
 p - a potion of lignification {unknown}
Books
 b - a book of Conjurations

   Spells                             Type                      Level
   a - Magic Dart                     Conjuration                  1
   b - Searing Ray                    Conjuration                  2
   c - Dazzling Spray                 Conjuration/Hexes            3
   d - Fulminant Prism                Conjuration/Hexes            4
   e - Force Lance                    Conjuration/Translocation    4
   f - Iskenderun's Mystic Blast      Conjuration                  4
Comestibles
 c - 3 meat rations
 k - a royal jelly


   Skills:
 + Level 2.9 Dodging
 + Level 3.4 Stealth
 + Level 3.0 Spellcasting
 + Level 5.0 Conjurations


You had 6 spell levels left.
You knew the following spells:

 Your Spells              Type           Power        Failure   Level  Hunger
a - Magic Dart            Conj           ###.         2%          1    None
b - Searing Ray           Conj           ###...       3%          2    ##.....


Dungeon Overview and Level Annotations

Branches:
Dungeon (4/15)
 Temple: D:4-7

Altars:
Sif Muna


Innate Abilities, Weirdness & Mutations

You are small and have problems with some larger weapons.
You are carnivorous and can eat meat at any time.


Message History

* * * LOW HITPOINT WARNING * * *
You feel sick. The adder barely misses you.
Throwing (i - inventory):
f - 37 stones (quivered)
Press: ? - help, Shift-Dir - straight line, f/p - adder
Aim: an adder (almost dead)
You throw a stone. The stone hits the adder.
The adder is almost dead.
The adder bites you.
* * * LOW HITPOINT WARNING * * *
You are more poisoned.
The adder poisons you! The adder closely misses you.
Casting: Magic Dart
Confirm with . or Enter, or press ? or * to list all spells.
Aiming: Magic Dart
Press: ? - help, Shift-Dir - straight line, f/p - adder
Aim: an adder (almost dead)
The magic dart hits the adder.
You kill the adder!
Your Spellcasting skill increases to level 3!
You die...

####### ..
#.....####..##
+.............
#............
#....@# ..
#....(##.#
####+#<..#
#####


There were no monsters in sight!

Vanquished Creatures
  2 adders
  2 oozes
  A worm (D:2)
  5 dart slugs
  2 leopard geckos (D:2)
  6 bats
  2 giant cockroaches (D:2)
  9 goblins
  8 hobgoblins
  4 kobolds
  A quokka (D:2)
  2 frilled lizards
  4 rats (D:1)
48 creatures vanquished.

Notes
Turn   | Place    | Note
-------+----------+-------------------------------------------
     0 | D:1      | pstr the Kobold Conjurer began the quest for the Orb.
     0 | D:1      | Reached XP level 1. HP: 10/10 MP: 3/3
   316 | D:1      | Reached XP level 2. HP: 15/15 MP: 3/5
   320 | D:1      | Learned a level 2 spell: Searing Ray
   858 | D:1      | Reached XP level 3. HP: 19/19 MP: 1/6
  1256 | D:2      | Found a deep blue altar of Sif Muna.
  2138 | D:2      | Reached XP level 4. HP: 21/24 MP: 0/7
  2550 | D:2      | Found a faded altar of an unknown god.
  3475 | D:3      | Reached skill level 5 in Conjurations
  3516 | D:4      | HP: 1/24 [adder (3)]
  3517 | D:4      | Succumbed to an adder's poison

Skill      XL: |  1  2  3  4 |
---------------+-------------+-----
Stealth        | 3 |  3.4
Conjurations   | 5 |  5.0
Spellcasting   | 3 |  3.0
Dodging        | |  2.9

Action                   |  1- 3 |  4- 6 || total
-------------------------+-------+-------++-------
Melee: Unarmed           |    30 |       ||    30
Throw: Stone             |       |    13 ||    13
 Cast: Magic Dart        |    37 |    17 ||    54
       Searing Ray       |    15 |    17 ||    32
  Eat: Chunk             |    13 |     5 ||    18
Armor: Robe              |    10 |    10 ||    20
Dodge: Dodged            |    26 |    31 ||    57
